Map: Emerald City LE

Players

Funart

  • Race: Protoss Protoss
  • Spawn Location: 11:00

MrHöcker

  • Race: Terran Terran
  • League: Diamond
  • Spawn Location: 11:00

qqq

  • Race: Zerg Zerg
  • League: Platinum
  • Spawn Location: 5:00

Massa

  • Race: Terran Terran
  • League: Platinum
  • Spawn Location: 5:00

VOD

Have the link to the VOD?

Description

Time

  • Played on: Dec. 31, 2020, 7:53 a.m.
  • Length: 24:40
Show
View Real Time Build Order
Export as new Build Order

Funart Protoss 

Build Orders: Oracle Opening, Phoenix Opening, Carriers 

Get SALT Encoding   

  12  0:00  Probe  
  13  0:12  Probe  
  14  0:18  Pylon  
  14  0:24  Probe (Chrono Boost)  
  15  0:37  Probe (Chrono Boost)  
  15  0:39  Gateway  
  16  0:48  Probe (Chrono Boost), Assimilator  
  17  0:55  Assimilator  
  17  1:00  Probe  
  18  1:12  Probe  
  19  1:24  Probe  
  20  1:27  Cybernetics Core  
  20  1:36  Probe, Pylon  
  21  1:48  Probe  
  22  2:04  Stalker  
  22  2:05  Stargate  
  22  2:06  Probe  
  25  2:36  Nexus  
  24  2:41  Pylon  
  24  2:55  Oracle (Chrono Boost)  
  27  2:59  Probe  
  27  3:00  Warp Gate  
  28  3:10  Stalker  
  28  3:11  Probe  
  31  3:26  Probe  
  35  3:32  Shield Battery  
  35  3:34  Phoenix (Chrono Boost)  
  35  3:38  Probe  
  35  3:48  Probe  
  36  3:51  Void Ray (Chrono Boost)  
  36  3:52  Probe  
  41  4:04  Stalker (Chrono Boost)  
  43  4:17  Pylon  
  43  4:20  Pylon  
  43  4:28  Probe  
  44  4:33  Probe  
  44  4:35  Void Ray (Chrono Boost)  
  45  4:40  Probe  
  45  4:41  Assimilator  
  45  4:45  Probe, Assimilator  
  52  4:53  Probe (Chrono Boost), Robotics Facility  
  52  4:57  Probe (Chrono Boost)  
  54  5:09  Probe (Chrono Boost)  
  54  5:10  Probe (Chrono Boost)  
  55  5:16  Probe  
  50  5:31  Void Ray (Chrono Boost)  
  50  5:35  Probe x2  
  49  5:40  Pylon  
  49  5:42  Observer  
  54  5:47  Probe  
  55  5:57  Robotics Bay  
  55  6:01  Stalker  
  55  6:02  Gateway  
  55  6:03  Probe x2  
  59  6:04  Pylon  
  59  6:10  Shield Battery  
  59  6:11  Forge  
  59  6:15  Probe  
  59  6:16  Observer  
  61  6:23  Probe  
  62  6:34  Probe  
  62  6:35  Probe  
  64  6:41  Colossus (Chrono Boost)  
  70  6:48  Extended Thermal Lance  
  70  6:52  Probe  
  70  6:53  Probe  
  72  6:56  Pylon  
  72  7:05  Protoss Ground Weapons Level 1 (Chrono Boost)  
  72  7:18  Nexus  
  72  7:20  Pylon, Zealot  
  72  7:21  Zealot  
  76  7:24  Colossus (Chrono Boost), Pylon  
  82  7:40  Gateway  
  82  7:44  Pylon  
  82  7:50  Probe x2, Forge  
  84  7:55  Gateway  
  84  7:57  Observer  
  84  8:04  Gateway  
  82  8:07  Gateway, Assimilator  
  82  8:12  Photon Cannon  
  82  8:22  Probe  
  82  8:23  Probe  
  84  8:27  Zealot x2  
  84  8:29  Protoss Ground Armor Level 1 (Chrono Boost)  
  88  8:34  Probe  
  88  8:35  Probe  
  90  8:43  Zealot  
  90  8:46  Phoenix (Chrono Boost)  
  94  8:58  Zealot  
  94  9:02  Phoenix  
  96  9:06  Probe, Stargate  
  96  9:07  Probe  
  100  9:10  Assimilator  
  100  9:28  Phoenix (Chrono Boost)  
  100  9:30  Stalker x2  
  100  9:31  Stalker x3  
  110  9:37  Probe x3  
  115  9:45  Pylon  
  115  9:48  Pylon  
  115  9:49  Probe x3  
  115  9:50  Phoenix (Chrono Boost)  
  120  9:59  Phoenix (Chrono Boost)  
  122  10:05  Phoenix  
  120  10:10  Fleet Beacon  
  124  10:15  Probe (Chrono Boost)  
  124  10:17  Probe (Chrono Boost), Phoenix  
  126  10:30  Phoenix  
  126  10:34  Probe  
  129  10:38  Photon Cannon  
  129  10:39  Nexus  
  129  10:44  Protoss Air Weapons Level 1 (Chrono Boost)  
  129  10:45  Observer  
  129  10:46  Protoss Shields Level 1  
  129  10:47  Phoenix  
  132  10:54  Anion Pulse-Crystals  
  132  10:55  Phoenix  
  134  11:04  Twilight Council  
  134  11:05  Assimilator  
  134  11:09  Assimilator  
  134  11:11  Probe x2  
  134  11:12  Probe  
  134  11:13  Pylon  
  137  11:23  Probe  
  138  11:29  Pylon  
  138  11:31  Carrier  
  144  11:47  Carrier, Pylon  
  144  11:53  Pylon  
  150  11:55  Stargate  
  150  11:57  Probe x4  
  154  12:09  Probe, Stargate  
  154  12:13  Probe x3  
  158  12:16  Photon Cannon  
  158  12:18  Photon Cannon  
  158  12:25  Probe  
  158  12:26  Probe, Protoss Air Weapons Level 2 (Chrono Boost)  
  160  12:35  Tempest (Chrono Boost)  
  165  12:37  Carrier (Chrono Boost)  
  165  12:41  Probe x2  
  173  12:44  Observer  
  174  12:58  Carrier (Chrono Boost)  
  174  12:59  Carrier (Chrono Boost), Pylon  
  174  13:01  Pylon  
  186  13:27  Carrier (Chrono Boost)  
  192  13:36  Observer, Gravitic Boosters (Chrono Boost)  
  192  13:41  Protoss Ground Weapons Level 2 (Chrono Boost)  
  193  13:48  Protoss Shields Level 2 (Chrono Boost)  
  192  14:12  Stalker x4  
  200  14:20  Photon Cannon  
  200  14:21  Shield Battery x2  
  200  14:25  Pylon  
  200  14:26  Photon Cannon x2  
  194  14:34  Photon Cannon  
  194  14:36  Photon Cannon  
  191  14:39  Photon Cannon  
  191  14:40  Photon Cannon  
  171  14:51  Probe x2  
  171  14:52  Probe x2  
  173  15:03  Probe  
  173  15:04  Probe x3  
  173  15:11  Templar Archives  
  173  15:12  Dark Shrine  
  173  15:18  Stalker x2  
  173  15:19  Stalker x4  
  185  15:52  High Templar x2  
  185  15:53  High Templar x4  
  197  15:58  Observer (Chrono Boost)  
  197  16:00  Psionic Storm  
  198  16:11  Blink (Chrono Boost)  
  197  16:51  Nexus  
  170  17:44  Observer  
  170  17:48  High Templar x3  
  170  17:51  Tempest x4  
  197  17:59  Assimilator  
  197  18:03  Assimilator  
  197  18:07  Pylon  
  191  18:25  High Templar x2, Zealot  
  191  18:26  Zealot  
  191  18:39  Archon x3  
  157  18:45  Zealot x2  
  157  18:47  Carrier x2  
  157  18:48  Carrier  
  163  18:52  Carrier  
  157  19:00  Zealot  
  157  19:01  Zealot x3  
  115  19:15  Dark Templar x2  
  99  19:23  Dark Templar  
  99  19:35  Gateway  
  99  19:37  Gateway  
  99  19:38  Photon Cannon  
  99  19:39  Gateway  
  99  19:42  Photon Cannon  
  99  19:45  Photon Cannon  
  99  19:47  Photon Cannon  
  99  19:50  Dark Templar x3  
  99  19:51  Photon Cannon  
  99  19:52  Zealot, Stalker  
  109  20:06  High Templar  
  110  20:12  Gateway  
  110  20:14  Gateway  
  110  20:15  Gateway  
  110  20:19  Archon x2  
  110  20:34  Nexus  
  110  20:42  Zealot x4  
  116  20:43  Zealot x4  
  126  20:54  Observer  
  126  21:00  Nexus  
  126  21:04  Assimilator  
  126  21:05  High Templar x2  
  126  21:06  Pylon, Zealot x3  
  126  21:08  Zealot x3  
  126  21:09  Pylon  
  126  21:10  Archon  
  142  21:14  Observer  
  143  21:22  Charge (Chrono Boost)  
  143  21:28  Protoss Ground Weapons Level 3  
  137  22:13  Probe  
  137  22:14  Probe  
  139  22:25  Carrier  
  139  22:28  Zealot x4  
  139  22:29  Zealot x5  
  163  22:30  Zealot x3  
  166  23:05  Dark Templar x4  
  157  23:15  Probe  
  157  23:16  Probe, Assimilator  
  157  23:18  Zealot x3  
  157  23:19  Zealot  
  167  23:20  Zealot x3  
  173  23:36  Zealot  
  173  23:37  Zealot x3  
  173  23:38  Zealot  
  165  24:02  Stalker x3  
  143  24:03  High Templar, Stalker x2  
  143  24:04  High Templar, Stalker x2  
Show
View Real Time Build Order
Export as new Build Order

MrHöcker Terran 

Build Orders: 2 Factory, Mech 

Get SALT Encoding   

  12  0:00  SCV  
  13  0:12  SCV  
  14  0:20  Supply Depot  
  14  0:24  SCV  
  15  0:34  Refinery  
  15  0:42  SCV  
  16  0:45  Barracks  
  16  0:54  SCV  
  17  1:06  SCV  
  18  1:18  SCV  
  19  1:30  SCV  
  20  1:34  Refinery  
  20  1:37  Reaper, Supply Depot  
  21  1:44  Orbital Command  
  21  1:57  Factory  
  21  2:09  Barracks Tech Lab  
  21  2:12  SCV  
  22  2:24  SCV  
  22  2:28  Command Center  
  23  2:36  SCV  
  24  2:49  SCV  
  24  3:01  SCV  
  25  3:05  Barracks Reactor  
  25  3:06  Factory  
  25  3:08  Siege Tank  
  28  3:16  Supply Depot  
  28  3:23  SCV  
  29  3:36  SCV  
  29  3:40  Supply Depot  
  29  3:41  Hellion  
  32  3:55  SCV  
  33  3:57  Supply Depot  
  33  3:58  Hellion x2  
  33  4:00  SCV  
  38  4:04  Infernal Pre-Igniter  
  38  4:07  SCV  
  39  4:15  SCV  
  40  4:19  SCV, Hellion  
  43  4:34  SCV  
  43  4:35  SCV  
  45  4:44  Hellion  
  47  4:46  SCV  
  47  4:47  Refinery, SCV  
  49  4:53  Refinery  
  49  4:55  Hellion  
  49  4:59  SCV x2  
  53  5:11  SCV  
  54  5:17  Cyclone  
  57  5:35  Orbital Command  
  57  5:36  SCV  
  57  5:39  Hellion x2  
  62  5:44  Command Center  
  62  5:48  SCV  
  62  5:49  Siege Tank  
  66  5:52  Factory  
  66  5:56  Factory  
  66  6:00  SCV  
  66  6:03  Supply Depot  
  66  6:04  Mag-Field Accelerator  
  67  6:06  Supply Depot  
  67  6:08  Supply Depot  
  67  6:10  SCV  
  68  6:12  SCV  
  68  6:17  Supply Depot  
  69  6:21  Armory  
  69  6:22  SCV  
  69  6:25  Engineering Bay  
  70  6:27  Siege Tank  
  70  6:28  SCV  
  74  6:34  SCV  
  74  6:37  Factory Tech Lab  
  75  6:40  Factory Tech Lab, SCV  
  75  6:46  SCV  
  77  6:51  Hi-Sec Auto Tracking  
  77  6:52  SCV  
  77  6:53  Hellion x2  
  82  6:58  SCV  
  83  7:03  Cyclone x2  
  83  7:04  SCV  
  83  7:05  Cyclone  
  93  7:10  SCV  
  94  7:17  SCV  
  93  7:35  Cyclone x2  
  93  7:37  Cyclone, Hellion x2  
  103  7:40  SCV x2  
  103  7:42  Planetary Fortress  
  108  7:44  Refinery  
  108  7:45  Refinery  
  108  7:52  SCV x2  
  110  8:07  Cyclone  
  113  8:13  Siege Tank  
  116  8:20  Supply Depot  
  116  8:21  Supply Depot x2  
  116  8:22  Supply Depot  
  116  8:41  Siege Tank x2  
  122  9:02  Thor  
  128  9:13  Thor x2  
  115  9:45  Thor  
  113  9:47  Starport  
  113  9:50  Starport  
  113  9:51  Starport  
  111  9:53  Missile Turret  
  111  9:54  Missile Turret  
  111  9:55  Missile Turret x3  
  111  9:57  Missile Turret  
  111  9:58  Missile Turret  
  111  9:59  Missile Turret x2  
  108  10:00  Missile Turret x2  
  108  10:03  Missile Turret  
  108  10:09  Missile Turret  
  108  10:12  Missile Turret  
  108  10:17  Missile Turret  
  108  10:19  Terran Vehicle Weapons Level 1  
  108  10:22  Missile Turret  
  108  10:24  SCV x3  
  111  10:32  Hellion x3  
  111  10:33  Hellion x2  
  121  10:36  SCV x3  
  121  10:39  Armory  
  124  10:45  Liberator x3  
  124  10:48  SCV x2  
  124  10:49  SCV  
  136  11:00  SCV, Command Center  
  137  11:04  Thor  
  137  11:05  Thor  
  149  11:23  Supply Depot  
  149  11:24  Supply Depot  
  149  11:25  Supply Depot  
  149  11:37  Neosteel Armor  
  149  11:45  Hellion x3  
  155  11:48  Starport Tech Lab  
  155  11:49  Starport Tech Lab, Starport Reactor  
  155  12:01  Thor x2, Fusion Core  
  155  12:06  Hellion  
  155  12:08  Drilling Claws  
  169  12:12  Smart Servos  
  169  12:13  Terran Vehicle And Ship Armor Level 1  
  169  12:14  Raven  
  169  12:15  Liberator  
  174  12:20  SCV  
  174  12:21  SCV x2  
  177  12:33  SCV x2  
  179  12:39  Refinery x2  
  179  12:42  Thor  
  185  12:45  Command Center  
  185  12:46  Terran Vehicle Weapons Level 2  
  185  12:48  Advanced Ballistics  
  185  12:54  Supply Depot  
  185  12:56  Supply Depot x2  
  185  12:57  Planetary Fortress  
  185  13:04  Missile Turret  
  184  13:06  Missile Turret  
  184  13:07  Missile Turret  
  184  13:25  Missile Turret  
  184  13:27  Missile Turret  
  184  13:31  Widow Mine x4  
  184  13:32  Widow Mine  
  194  13:37  Command Center  
  161  15:09  Siege Tank x3  
  161  15:11  Widow Mine  
  161  15:12  Widow Mine  
  171  15:33  Widow Mine x2  
  171  15:34  Planetary Fortress  
  175  15:41  Siege Tank  
  178  15:45  Sensor Tower  
  178  15:53  Refinery  
  178  15:57  Terran Vehicle And Ship Armor Level 2, Refinery, Terran Vehicle Weapons Level 3  
  178  16:14  Factory  
  178  16:15  Factory  
  178  16:18  Factory  
  120  17:05  Siege Tank x3  
  87  17:14  Factory Tech Lab x2  
  87  17:15  Factory Tech Lab  
  82  17:37  Sensor Tower, Siege Tank x3  
  82  17:38  Liberator x3  
  82  17:39  Liberator  
  106  17:44  Siege Tank x3  
  112  18:14  Thor x3  
  112  18:16  Thor x2  
  112  18:18  Command Center  
  142  18:21  Liberator x3  
  142  18:22  Liberator  
  147  18:54  Thor  
  147  18:56  Thor  
  147  18:57  Thor x2  
  147  18:58  Thor  
  147  18:59  Thor  
  177  19:04  Liberator  
  168  19:36  Hellion x2  
  168  19:37  Thor  
  178  19:39  Thor x3  
  178  19:42  Hellion x2  
  197  20:15  Command Center  
  197  20:28  Command Center  
  197  20:32  Raven  
  199  21:02  Refinery  
  199  21:05  Refinery  
  139  21:51  Cyclone x4  
  139  21:52  Cyclone x2  
  154  22:20  Planetary Fortress  
  154  22:23  Cyclone x3  
  154  22:24  Cyclone  
  154  22:27  Refinery  
  154  22:29  Refinery  
  170  22:30  Widow Mine x4  
  160  22:51  Widow Mine x2  
  154  23:03  Hellion x6  
  165  23:12  Hellion  
  165  23:14  SCV x3  
  165  23:15  SCV  
  169  23:26  SCV  
Show
View Real Time Build Order
Export as new Build Order

qqq Zerg 

Build Orders: Hatch First, Zergling Baneling 

Get SALT Encoding   

  12  0:00  Drone  
  13  0:08  Drone  
  14  0:17  Overlord  
  14  0:47  Hatchery  
  13  0:51  Drone  
  13  0:52  Drone  
  13  0:56  Drone  
  16  1:06  Drone  
  17  1:21  Spawning Pool  
  16  1:44  Drone x3, Extractor  
  18  1:56  Drone  
  18  2:00  Drone  
  20  2:08  Drone  
  21  2:09  Queen  
  21  2:11  Queen  
  21  2:13  Drone  
  26  2:34  Zergling x4  
  28  2:38  Overlord  
  28  2:39  Overlord  
  28  2:40  Overlord  
  28  2:52  Extractor  
  28  2:55  Drone  
  28  2:59  Drone  
  28  3:00  Zergling x4  
  28  3:01  Metabolic Boost  
  31  3:09  Zergling x2, Baneling Nest  
  31  3:11  Zergling x2  
  32  3:19  Zergling x6  
  35  3:21  Drone  
  36  3:28  Zergling x2  
  36  3:29  Zergling x2  
  38  3:36  Zergling x2  
  38  3:37  Zergling x2  
  40  3:43  Queen  
  40  3:45  Zergling x2  
  43  3:51  Zergling x2  
  43  3:54  Zergling x6  
  47  3:56  Drone  
  47  3:58  Drone  
  47  4:00  Zergling x2  
  50  4:09  Spore Crawler  
  49  4:16  Zergling x2  
  49  4:17  Drone, Zergling x2  
  45  4:37  Zergling x4  
  47  4:39  Drone x3  
  47  4:44  Baneling x5  
  47  4:45  Baneling x4  
  50  4:51  Zergling x2  
  52  4:52  Zergling x2  
  45  5:20  Zergling x6  
  45  5:21  Zergling x4  
  43  5:30  Lair  
  43  5:43  Hatchery  
  43  5:45  Extractor  
  43  5:47  Drone  
  43  5:48  Drone x3  
  43  5:49  Drone  
  46  5:50  Hatchery  
  45  5:59  Drone  
  45  6:00  Drone  
  47  6:07  Extractor  
  47  6:08  Extractor  
  45  6:13  Drone x3  
  45  6:14  Drone  
  49  6:19  Spore Crawler  
  48  6:34  Drone x4  
  48  6:36  Overlord x2  
  52  6:41  Spire  
  52  6:44  Drone  
  52  6:45  Spore Crawler  
  51  6:48  Overlord  
  51  6:50  Drone  
  52  6:56  Hatchery, Queen  
  53  7:06  Drone x5  
  53  7:07  Drone  
  57  7:32  Drone x6  
  57  7:33  Drone x4  
  57  7:34  Spine Crawler  
  66  7:37  Spore Crawler  
  66  7:40  Overlord x3  
  66  7:41  Drone  
  66  7:48  Spore Crawler  
  64  7:54  Drone x4  
  68  8:06  Queen  
  68  8:11  Mutalisk x4  
  78  8:24  Queen  
  78  8:26  Drone x3  
  83  8:27  Mutalisk x2  
  83  8:28  Mutalisk  
  83  8:31  Extractor  
  83  8:33  Extractor  
  86  8:42  Spine Crawler, Queen  
  86  8:43  Drone x3  
  86  8:47  Drone x3  
  93  9:03  Mutalisk x4  
  93  9:09  Zerg Flyer Weapons Level 1  
  101  9:13  Drone  
  101  9:14  Drone x3, Spore Crawler x3  
  101  9:15  Spore Crawler  
  89  9:33  Mutalisk x2  
  89  9:35  Corruptor  
  89  9:39  Drone x3  
  89  9:40  Drone x6  
  96  9:50  Drone x2  
  96  9:51  Corruptor  
  100  10:04  Corruptor  
  100  10:06  Overlord x3  
  100  10:07  Overlord x2  
  102  10:16  Spore Crawler  
  102  10:18  Spore Crawler  
  102  10:21  Spine Crawler  
  99  10:23  Drone, Spine Crawler  
  99  10:24  Drone x4  
  99  10:25  Drone x4  
  99  10:27  Corruptor  
  109  10:32  Hatchery  
  108  10:36  Drone x2  
  108  10:37  Infestation Pit  
  108  10:38  Drone  
  110  10:53  Drone x3  
  113  11:01  Drone x3, Mutalisk  
  113  11:02  Corruptor x3  
  113  11:03  Zerg Flyer Armor Level 1  
  124  11:04  Overlord x2  
  124  11:18  Corruptor x2  
  124  11:37  Corruptor x3  
  128  11:40  Drone x3  
  128  11:41  Drone x6  
  137  11:54  Drone x4  
  139  11:56  Corruptor x3  
  139  12:00  Extractor x2  
  145  12:02  Extractor  
  145  12:03  Extractor  
  143  12:09  Spore Crawler  
  143  12:10  Spore Crawler  
  143  12:12  Spine Crawler  
  143  12:13  Spine Crawler  
  139  12:23  Hive  
  139  12:26  Spire  
  138  12:36  Drone x5  
  138  12:37  Drone x7  
  150  12:55  Drone x3  
  150  12:56  Corruptor x4  
  150  12:57  Corruptor  
  163  13:03  Overlord  
  163  13:04  Overlord x2  
  163  13:06  Zerg Flyer Weapons Level 2  
  163  13:22  Corruptor x3  
  163  13:23  Corruptor x3  
  175  13:28  Drone x5  
  175  13:29  Drone x4  
  175  13:33  Spine Crawler x2  
  182  13:35  Spine Crawler x2  
  182  13:40  Hydralisk Den  
  179  13:43  Ultralisk Cavern  
  179  13:44  Spine Crawler  
  179  13:47  Evolution Chamber x2  
  175  13:55  Drone x4  
  176  13:56  Drone x2  
  176  13:59  Greater Spire  
  179  14:04  Drone x2  
  179  14:05  Drone  
  179  14:07  Viper x2  
  188  14:10  Overlord x7  
  163  14:52  Corruptor x5  
  161  15:07  Viper x4  
  173  15:14  Drone x3  
  173  15:15  Drone x6  
  182  15:22  Zerg Flyer Armor Level 2  
  182  15:27  Zergling x8  
  182  15:28  Ultralisk x2  
  198  15:31  Zerg Melee Weapons Level 1, Zerg Ground Armor Level 1  
  198  15:34  Muscular Augments  
  198  15:37  Anabolic Synthesis  
  198  15:39  Lurker Den  
  197  15:51  Spine Crawler  
  197  15:52  Spine Crawler  
  197  15:53  Spore Crawler  
  197  15:56  Hatchery  
  193  15:58  Spine Crawler  
  193  16:01  Spine Crawler  
  191  16:10  Ultralisk  
  197  16:12  Overlord x3  
  197  16:19  Chitinous Plating  
  188  16:45  Grooved Spines  
  173  16:52  Viper x5  
  173  16:53  Viper  
  173  16:54  Overlord x5  
  179  16:55  Overlord x4  
  179  17:17  Drone  
  180  17:25  Zerg Missile Weapons Level 1  
  168  17:49  Corruptor x3  
  168  17:50  Mutalisk x6  
  168  17:51  Mutalisk x2, Hydralisk  
  186  17:52  Hydralisk x3  
  186  17:56  Drone x2  
  200  18:19  Zergling x2  
  200  18:20  Zergling x2  
  178  18:52  Viper x3  
  178  18:53  Ultralisk x2  
  178  18:54  Ultralisk x3  
  194  19:12  Ultralisk  
  194  19:13  Zergling x2  
  198  19:33  Drone x2  
  184  20:34  Hydralisk x5, Ultralisk x2  
  184  20:35  Hydralisk x2  
  194  20:41  Zerg Ground Armor Level 2, Zerg Missile Weapons Level 2  
  194  20:50  Zerg Flyer Weapons Level 3  
  194  20:52  Mutalisk x2  
  194  20:53  Mutalisk  
  200  21:00  Extractor  
  200  21:01  Extractor  
  161  21:18  Ultralisk x2  
  161  21:19  Zergling x10, Corruptor x2  
  161  21:20  Corruptor x6  
  180  21:32  Viper x4  
  172  21:37  Zergling x2  
  161  21:51  Ultralisk x2  
  162  22:13  Mutalisk  
  148  22:28  Brood Lord x3  
  139  22:31  Zergling x10  
  139  22:32  Zergling x14  
  148  22:37  Hatchery  
  131  23:05  Mutalisk  
  131  23:06  Mutalisk  
  107  23:18  Corruptor  
  107  23:19  Zergling x6  
  112  23:20  Zergling x10  
  108  23:38  Ultralisk  
  63  24:02  Corruptor  
  63  24:03  Corruptor  
  38  24:20  Zergling x10  
Show
View Real Time Build Order
Export as new Build Order

Massa Terran 

Build Orders: 2 Factory 

Get SALT Encoding   

  12  0:00  SCV  
  13  0:17  SCV  
  13  0:19  Supply Depot  
  14  0:29  SCV  
  15  0:36  Refinery  
  15  0:41  SCV  
  16  0:45  Barracks  
  16  0:53  SCV  
  17  1:06  SCV  
  18  1:18  SCV  
  19  1:30  SCV  
  20  1:44  Orbital Command  
  20  1:45  Factory  
  20  1:49  Refinery  
  20  1:56  Reaper  
  21  2:14  SCV  
  22  2:16  Command Center  
  22  2:28  Barracks Tech Lab  
  22  2:31  Factory  
  22  2:45  Supply Depot  
  22  3:04  Barracks Reactor  
  22  3:07  Hellion  
  22  3:09  Supply Depot  
  22  3:12  SCV  
  25  3:16  Hellion  
  27  3:22  Engineering Bay  
  27  3:24  SCV  
  28  3:31  Supply Depot  
  30  3:34  Widow Mine  
  30  3:50  Widow Mine x2  
  30  3:51  Orbital Command  
  36  3:55  Widow Mine  
  36  3:56  SCV  
  35  4:11  Widow Mine  
  35  4:12  Widow Mine  
  41  4:17  Widow Mine  
  41  4:19  SCV x2, Armory  
  43  4:25  Missile Turret  
  43  4:32  Widow Mine  
  45  4:38  Siege Tank  
  48  4:53  SCV x2  
  50  5:05  SCV x2  
  50  5:06  Drilling Claws  
  33  5:39  Widow Mine x3  
  33  5:41  SCV x2  
  41  5:45  Refinery  
  41  5:46  Refinery, Missile Turret  
  41  5:49  Barracks Tech Lab  
  41  5:53  SCV x2  
  41  5:56  Barracks  
  43  5:58  Starport, Barracks  
  43  6:01  Widow Mine  
  45  6:05  SCV x2  
  47  6:17  SCV x2  
  47  6:18  Widow Mine  
  54  6:19  Cyclone  
  54  6:22  Widow Mine  
  54  6:24  Smart Servos, Stimpack  
  56  6:28  Marine  
  57  6:37  Medivac  
  57  6:39  Widow Mine  
  61  6:41  SCV  
  61  6:46  Supply Depot  
  62  6:47  Supply Depot  
  62  7:08  Widow Mine, SCV, Marine x3, Cyclone  
  70  7:09  Widow Mine, SCV  
  70  7:13  Supply Depot  
  74  7:16  Supply Depot  
  74  7:18  Terran Infantry Weapons Level 1  
  74  7:20  SCV  
  74  7:21  SCV  
  76  7:26  Marine x2  
  78  7:35  Widow Mine, Marauder  
  82  7:43  Marine x2  
  84  8:11  Marauder, Marine  
  84  8:12  Barracks Reactor  
  84  8:17  Medivac  
  86  8:21  Barracks x2, Supply Depot  
  86  8:24  Terran Vehicle Weapons Level 1  
  86  8:28  Marine  
  86  8:30  Command Center  
  87  8:35  Marauder  
  87  8:37  Widow Mine x2  
  93  8:43  Widow Mine  
  93  8:44  Supply Depot  
  93  8:46  Marine  
  90  8:56  Marauder  
  90  9:01  Combat Shield  
  92  9:04  Siege Tank  
  92  9:05  Viking  
  92  9:07  Supply Depot  
  92  9:08  Barracks Reactor, Barracks Tech Lab  
  92  9:09  Barracks Tech Lab  
  97  9:13  Terran Infantry Armor Level 1  
  91  9:35  Viking  
  93  10:05  Viking  
  95  10:20  SCV  
  95  10:21  SCV  
  97  10:29  Ghost Academy  
  97  10:30  Terran Vehicle Weapons Level 2  
  97  10:32  SCV  
  97  10:33  SCV  
  97  10:35  Starport Tech Lab  
  99  10:37  Starport  
  99  10:42  Marauder x3, Marine x3  
  106  10:43  Marine  
  106  10:45  SCV x2  
  112  10:57  SCV x2  
  112  11:00  Marine x4  
  112  11:03  Marauder x3, Planetary Fortress  
  123  11:06  Terran Infantry Weapons Level 2  
  123  11:10  Missile Turret  
  123  11:16  Starport Reactor, Raven  
  125  11:18  SCV  
  125  11:19  SCV  
  127  11:30  SCV  
  127  11:31  SCV, Marine x4  
  133  11:42  Supply Depot  
  133  11:43  Supply Depot x2  
  133  11:53  Concussive Shells  
  133  11:58  Command Center  
  133  12:00  Refinery  
  133  12:03  SCV, Marine x3, Medivac x2  
  133  12:04  SCV x2, Marine x4  
  147  12:10  Thor  
  147  12:13  Widow Mine  
  157  12:15  Widow Mine  
  157  12:17  Enhanced Shockwaves  
  157  12:24  Engineering Bay  
  157  13:04  Terran Vehicle Weapons Level 3  
  157  13:06  Terran Infantry Armor Level 2  
  157  13:09  Marine x3, Ghost  
  157  13:10  SCV x3, Marine x3, Corvid Reactor  
  164  13:27  Marine x6  
  170  13:38  Ghost  
  172  13:42  Command Center  
  172  14:00  Widow Mine, Marauder, Viking  
  172  14:01  Planetary Fortress  
  172  14:02  Widow Mine, Viking  
  172  14:27  Marauder  
  172  14:29  Marauder  
  171  14:33  Viking  
  171  14:46  Thor  
  171  14:47  Marauder  
  171  14:49  Marauder  
  171  14:50  Marauder  
  166  15:08  Marauder  
  166  15:10  Marauder, Raven  
  166  15:12  Marauder  
  166  15:29  Marauder, Thor  
  166  15:32  Marauder  
  166  15:33  Marauder  
  166  15:35  Widow Mine  
  180  15:39  SCV x3  
  180  15:40  SCV  
  184  15:48  Refinery  
  184  15:50  Refinery  
  184  15:51  Refinery, SCV, Marauder  
  187  16:21  Marauder  
  187  16:23  Raven  
  173  16:53  Siege Tank  
  172  16:56  Marauder, Medivac  
  172  16:57  Marauder, Medivac  
  172  16:59  Marauder  
  168  17:06  Raven  
  146  17:18  Marauder  
  133  17:25  Siege Tank  
  124  17:35  Ghost x2  
  126  17:39  Ghost  
  128  17:44  Medivac x2  
  128  17:49  Raven  
  134  17:56  Command Center  
  134  17:57  Command Center  
  134  18:02  Command Center  
  130  18:32  Raven  
  102  19:19  Marauder, Marine  
  102  19:20  Marauder x2, Marine x3  
  102  19:24  Hellbat x3  
  94  19:30  Orbital Command  
  78  19:41  Marauder x3  
  78  19:42  SCV  
  78  19:43  SCV  
  88  19:45  Widow Mine  
  88  19:54  SCV  
  88  19:55  SCV  
  90  20:01  Widow Mine  
  90  20:02  Marauder x3, Thor  
  90  20:06  SCV  
  101  20:07  SCV  
  101  20:08  Planetary Fortress  
  101  20:13  Nuke  
  102  20:18  SCV  
  102  20:19  SCV  
  101  20:23  Marauder  
  103  20:40  Refinery x2  
  103  20:45  Thor  
  103  20:47  Refinery  
  103  20:48  Refinery  
  109  20:51  Planetary Fortress  
  109  21:07  Factory  
  107  21:25  Raven  
  88  21:46  Missile Turret  
  57  21:47  Missile Turret x3  
  57  21:48  Marauder, Marine, Missile Turret x3  
  57  21:49  Marauder x2, Marine x3, Missile Turret  
  57  21:50  Missile Turret x2  
  57  21:51  Missile Turret x2  
  57  21:53  Factory Tech Lab  
  65  21:55  Widow Mine  
  65  22:06  Marine  
  65  22:07  Marine x3  
  67  22:09  Marauder  
  67  22:10  Marauder x2, Command Center  
  73  22:24  Marine x4  
  77  22:31  Marauder, Marine x2  
  81  22:42  Marine x4  
  82  22:49  Marine x2  
  71  22:52  Marine  
  71  22:55  Widow Mine x2  
  71  22:56  Widow Mine  
  71  22:57  Widow Mine  
  80  23:00  Marine  
  81  23:06  Refinery, Marine x2  
  81  23:08  Marine  
  81  23:09  Marine x3  
  81  23:10  Refinery  
  87  23:15  Medivac  
  87  23:16  Medivac  
  87  23:17  Widow Mine, Marine  
  94  23:25  Marauder x2  
  94  23:26  Marine  
  99  23:27  Marine x2  
  99  23:28  Marauder  
  103  23:35  Marine  
  103  23:38  Planetary Fortress  
  100  23:44  Marine  
  100  23:45  Marine x2  
  100  23:46  Marine x2  
  105  23:49  Marine  
  105  23:53  Marine  
  106  24:02  Marine x3  
  104  24:03  Marine x2  
  104  24:07  Marine  
  109  24:21  Marine x2  
Tags
 
Add a new tag
Caveats
  • Supply blocks, unpowered buildings, or Contaminate may cause inaccurate times.
  • Supply counts are checked every 10 seconds.